[Event "*** Titled Tuesday Blitz"]
[Site "Chess.com"]
[Date "2020.01.07"]
[Round "3"]
[White "chigorin28"]
[Black "bascheyaro"]
[Result "1-0"]
[WhiteElo "2448"]
[BlackElo "2669"]
[TimeControl "180+2"]
[EndTime "13:40:34 PST"]
[Termination "chigorin28 won by resignation"]

1. e4 e6 2. d4 d5 3. exd5 exd5 4. Bd3 c5 5. dxc5 Bxc5 6. Ne2 Nf6 7. O-O O-O 8. Nbc3 h6 9. Bf4 Nc6 10. Qd2 Re8 11. h3 d4 12. Nb5 Nd5 13. Bg3 a6 14. c4 axb5 15. cxd5 Qxd5 16. Bxb5 Bf5 17. Nf4 Qd7 18. a3 Be7 19. Rad1 Bf6 20. Rfe1 Rxe1+ 21. Qxe1 Rd8 22. Nd3 Qd5 23. a4 Na7 24. Nf4 Qb3 25.
Bd3 Bxd3 26. Nxd3 Qxa4 27. Rc1 Qb5 28. Qd1 Nc6 29. Rc5 Qa6 30. Qb3 Re8 31. Kh2 Re2 32. Rb5 Re7 33. Rd5 Re8 34. Qc2 Qb6 35. Rc5 Qd8 36. Qc4 Qe7 37. Qb3 Qd7 38. Rc1 h5 39. h4 Qg4 40. Qxb7 Ne7 41. Qb5 Rd8 42. f3 Qg6 43.
Re1 Qf5 44. Qxf5 Nxf5 45. b4 Bxh4 46. Bxh4 Nxh4 47. b5 Nf5 48. b6 Rb8 49. Rb1 Nd6 50. Nc5 f6 51. Na6 Rb7 52. Nc5 Rb8 53. Kg3 Kf7 54. b7 d3 55. Kf2 h4 56. Ke3 Ke7 57.
Kxd3 Kd8 58. Kd4 Kc7 59. Kd5 Rxb7 60. Nxb7 Nxb7 61. Ke6 Nc5+ 62. Kf7 Kd6 63. Kxg7 Ke6 64. Kg6 Nd3 65. Kh5 Nf4+ 66. Kxh4 Nxg2+ 67. Kg3 1-0

[Event "*** Titled Tuesday Blitz"]
[Site "Chess.com"]
[Date "2020.01.07"]
[Round "3"]
[White "GMKrikor"]
[Black "JakubPulpan"]
[Result "1-0"]
[WhiteElo "2882"]
[BlackElo "2646"]
[TimeControl "180+2"]
[EndTime "13:40:35 PST"]
[Termination "GMKrikor won by resignation"]

1. Nf3 Nf6 2. c4 e6 3. e3 b6 4. b3 Bb7 5. Bb2 c5 6. Nc3 Be7 7. Be2 O-O 8. O-O Nc6 9. d4 cxd4 10. Nxd4 Nxd4 11. Qxd4 Bc5 12. Qf4 d5 13. Rfd1 Bd6 14.
Qh4 Be7 15. Qh3 Qb8 16. cxd5 Nxd5 17. Nxd5 Bxd5 18. Bd3 f5 19. e4 fxe4 20. Bxe4 Bxe4 21. Qxe6+ Rf7 22. Qxe4 Bc5 23. Bd4 Bxd4 24. Rxd4 Qf8 25. Rd2 Re8 26. Qc4 Kh8 27. Rad1 h6 28. g3 Qe7 29. Qg4 Qc5 30. h4 Ref8 31. Rf1 Qc3 32. Qd4 Qf3 33. Qd5 Qg4 34. Re1 Qb4 35. Re4 Qc3 36. Ree2 Rf3 37. Kg2 Qf6 38. Qe4 Qf7 39. Qd4 Qf5 40. Qd6 Rf6 41. Qd8+ Kh7 42. Qd4 Kh8 43.
Re8+ Kh7 44. Kg1 Qb1+ 45. Kg2 Qf5 46. Ree2 Rf7 47. Re5 Qf6 48. Qe4+ g6 49. Qe1 Qc6 50. Kg1 h5 51. Re7 Rxg3+ 52. fxg3 Qc5+ 53. Re3 Rf3 54.
Re2 Rxg3+ 55. Qxg3 Qxe3+ 56. Rxe3 Kg7 1-0

[Event "*** Titled Tuesday Blitz"]
[Site "Chess.com"]
[Date "2020.01.07"]
[Round "3"]
[White "Mostii"]
[Black "joejan"]
[Result "0-1"]
[WhiteElo "2514"]
[BlackElo "2152"]
[TimeControl "180+2"]
[EndTime "13:40:37 PST"]
[Termination "joejan won by checkmate"]

1. d4 Nf6 2. Nf3 e6 3. g3 b6 4. Bg2 Bb7 5. O-O Be7 6. b3 O-O 7. Bb2 d6 8. Nbd2 Nbd7 9. c4 a5 10. Re1 a4 11. e4 a3 12. Bc3 d5 13. exd5 exd5 14. Ne5 Re8 15. Rc1 c5 16. dxc5 Bxc5 17. Nxd7 Rxe1+ 18. Qxe1 Qxd7 19. Bxf6 Re8 20. Qd1 gxf6 21.
Ne4 Qf5 22. Nxc5 bxc5 23. cxd5 Ba6 24. d6 Re2 25. Qf1 Rc2 26. Rxc2 Bxf1 27. d7 Qxd7 28. Bxf1 Qd4 29. h4 Kg7 30. Re2 c4 31. bxc4 Qxc4 32. Rd2 Qc3 33. Re2 f5 34. Re3 Qc1 35. Kg2 f4 36. gxf4 Qc6+ 37. Kh2 Qd6 38. Kg3 Kf6 39.
Kf3 Qd5+ 40. Kg3 Qxa2 41. Bd3 Qb3 42. Bxh7 Qxe3+ 43. fxe3 a2 44. Be4 a1=Q 45. Bg2 Qe1+ 46.
Kf3 Qxh4 47. Bf1 Qh5+ 48. Kf2 Ke6 49. Bc4+ Kd6 50. Be2 Qh4+ 51. Kf3 Kd5 52. Bd3 Qh3+ 53. Kf2 f5 54. Bf1 Qh2+ 55. Bg2+ Kc4 56. Kf3 Kc3 57. Bf1 Kd2 58. Bg2 Qg1 59. Kg3 Kxe3 60. Kh3 Kxf4 61. Bc6 Qg3# 0-1

[Event "*** Titled Tuesday Blitz"]
[Site "Chess.com"]
[Date "2020.01.07"]
[Round "3"]
[White "Khalakhanov"]
[Black "AlexandraBotez"]
[Result "1-0"]
[WhiteElo "2345"]
[BlackElo "2107"]
[TimeControl "180+2"]
[EndTime "13:40:37 PST"]
[Termination "Khalakhanov won by resignation"]

1. e4 e6 2. d4 d5 3. Nd2 c5 4.
Ngf3 Nc6 5. c3 cxd4 6. cxd4 dxe4 7. Nxe4 Be7 8. Bd3 Nf6 9. Nc3 O-O 10. O-O a6 11. a3 b5 12. Bc2 Bb7 13. Qd3 Na5 14. Bg5 g6 15. Bh6 Re8 16. Ne5 Nd5 17. Rfe1 Nxc3 18.
bxc3 Qd5 19. Qh3 Bf8 20. Ng4 Be7 21. Be4 Qd8 22. Bf4 Bxe4 23. Rxe4 Nc6 24. Rae1 Bf8 25. Bh6 Bxh6 26. Qxh6 f5 27. Rxe6 Rxe6 28. Rxe6 fxg4 29. h3 Rc8 30. hxg4 Qf8 31. Qe3 Qf7 32.
Qe4 Rc7 33. Rxc6 Re7 34. Rc8+ Kg7 35. Qf3 Re1+ 36. Kh2 Qe7 37. g3 Re2 38. Kg2 Ra2 39. Qf4 Qb7+ 40. Qf3 Qxc8 41. Qd5 Rxa3 42. Qe5+ Kg8 43.
Qd5+ Kf8 44. Qd6+ Kf7 45. Qxa3 Qc6+ 46. Kg1 Qf3 47. Qb3+ Kg7 48. Qc2 Qxg4 49. Qa2 Qd1+ 50. Kg2 Qd3 51. Qd5 Qxc3 52. Qe5+ Kg8 53. Qe6+ Kg7 54.
d5 b4 55. d6 Qc6+ 56. Kh2 b3 57. Qe7+ Kh6 58. d7 Qf3 59. Qh4+ Kg7 60. Qd4+ Kh6 61. d8=Q Qh5+ 62. Q8h4 Qxh4+ 63. gxh4 Kh5 64. Kg3 h6 65. Qb2 a5 66. Qxb3 g5 67. hxg5 hxg5 1-0

[Event "*** Titled Tuesday Blitz"]
[Site "Chess.com"]
[Date "2020.01.07"]
[Round "3"]
[White "Orest_Vovk"]
[Black "jlucasvf"]
[Result "1/2-1/2"]
[WhiteElo "2437"]
[BlackElo "2726"]
[TimeControl "180+2"]
[EndTime "13:40:40 PST"]
[Termination "Game drawn - insufficient material"]

1. g4 d5 2. Bg2 Bxg4 3. c4 c6 4. cxd5 cxd5 5. Nc3 Nf6 6. Qb3 Nc6 7. Nxd5 Nxd5 8.
Bxd5 e6 9. Qxb7 exd5 10. Qxc6+ Bd7 11. Qxd5 Be7 12. Nf3 O-O 13. Ne5 Be6 14. Qxd8 Bxd8 15. d3 Rc8 16. Be3 Rc2 17. Nc4 Bxc4 18. dxc4 Ba5+ 19.
Kf1 Rxb2 20. Bxa7 Rc8 21. c5 Ra8 22. Bb6 Bxb6 23. cxb6 Rxb6 24. Rg1 Rba6 25. Rg3 Rxa2 26. Rxa2 Rxa2 27. Rd3 g6 28. e3 Kg7 29. Kg2 h5 30. h3 f5 31. Rd7+ Kh6 32. Rd4 Ra6 33. Rc4 Rd6 34.
Rb4 Re6 35. Rb8 Re4 36. Rh8+ Kg7 37. Ra8 Rb4 38. Ra7+ Kh6 39. Ra8 f4 40. exf4 Rxf4 41. Rh8+ Kg5 42. Ra8 Rb4 43. Ra5+ Kh4 44. Ra3 g5 45.
Rc3 Rd4 46. Rg3 Ra4 47. Rc3 Re4 48. Rg3 Rc4 49. Rd3 Rb4 50. Rc3 Rd4 51. Rb3 Rc4 52. Rd3 Rb4 53. Rg3 g4 54. hxg4 hxg4 55. Re3 Ra4 56. Rg3 Re4 57. Re3 Rc4 58. Re8 Rc5 59.
Rh8+ Rh5 60. Rxh5+ Kxh5 61. Kg3 Kg5 62. f3 gxf3 63.
Kxf3 1/2-1/2

[Event "*** Titled Tuesday Blitz"]
[Site "Chess.com"]
[Date "2020.01.07"]
[Round "3"]
[White "temus_galaktionov"]
[Black "SlavenPastar"]
[Result "0-1"]
[WhiteElo "2737"]
[BlackElo "2529"]
[TimeControl "180+2"]
[EndTime "13:40:41 PST"]
[Termination "SlavenPastar won on time"]

1. d4 d5 2. c4 dxc4 3. Nc3 a6 4. a4 Nc6 5. e3 Na5 6. Nf3 c6 7. Be2 Nf6 8. O-O b5 9. Bd2 Nb3 10. Rb1 Bb7 11. Qc2 e6 12. Rfd1 Be7 13. e4 O-O 14.
Bg5 h6 15. Bh4 Qb6 16. e5 g5 17. exf6 Bxf6 18. Bg3 Nxd4 19. Nxd4 Bxd4 20. a5 Qa7 21. Qe4 c5 22. Qg4 Bc6 23. h4 Qe7 24. hxg5 Qxg5 25. Qxg5+ hxg5 26. Bf3 Bxf3 27. gxf3 f5 28. Bc7 Kf7 29. Ne2 e5 30. Nxd4 exd4 31. Bb6 Rac8 32. Kg2 Ke6 33. Rh1 Kd5 34. Rh7 Rf6 35. Rd7+ Rd6 36.
Rf7 c3 37. bxc3 dxc3 38. Rxf5+ Kc4 39. Rxg5 b4 40. Rg4+ Kb5 41. Rc1 Rd3 42. Kf1 b3 43.
Ke2 Rd2+ 44. Ke1 b2 45. Rb1 Re8+ 46. Kf1 Rc2 47. Rg5 Rc8 48. Bxc5 Rxc5 49. Rxc5+ Kxc5 0-1

[Event "*** Titled Tuesday Blitz"]
[Site "Chess.com"]
[Date "2020.01.07"]
[Round "3"]
[White "AleksanderHnydiuk"]
[Black "Lifeek"]
[Result "1/2-1/2"]
[WhiteElo "2412"]
[BlackElo "2229"]
[TimeControl "180+2"]
[EndTime "13:40:41 PST"]
[Termination "Game drawn - insufficient material"]

1. e4 c6 2. d4 d5 3. f3 g6 4. Nc3 Bg7 5. Be3 dxe4 6. fxe4 e5 7. dxe5 Qxd1+ 8. Rxd1 Nd7 9. e6 fxe6 10. Nf3 Ne5 11. Nxe5 Bxe5 12. Bc4 Nf6 13. O-O O-O 14. Bd4 Ng4 15.
Rxf8+ Kxf8 16. Bc5+ Ke8 17. h3 b6 18. Bd6 Bxd6 19. Rxd6 Ne5 20. Bb3 Ke7 21. Rd2 Ba6 22. Kf2 Rf8+ 23. Ke3 Rf1 24. Nd1 c5 25. c3 Re1+ 26. Kf4 Kf6 27. h4 h6 28. Bc2 g5+ 29. hxg5+ hxg5+ 30. Kg3 Nc4 31. Rf2+ Kg7 32. Kg4 Ne5+ 33.
Kxg5 Bd3 34. Bxd3 Nxd3 35. Rd2 c4 36. Nf2 Nc5 37. b4 cxb3 38. axb3 Nxe4+ 39. Nxe4 Rxe4 40. Rd7+ Kf8 41. Rxa7 Re5+ 42. Kf6 Rf5+ 43. Kxe6 Rg5 44. Rf7+ Kg8 45. Rf2 Rg3 46. Rc2 Rg5 47. Kd6 b5 48. c4 bxc4 49. bxc4 Kf8 50. Re2 Rg6+ 51. Kd5 Rg5+ 52. Kc6 Rg3 53. c5 Rc3 54. Kd6 Rd3+ 55. Kc7 Rc3 56. c6 Rd3 57. Kb7 Rc3 58. Kc8 Rxc6+ 59.
Kd7 Rg6 60. Rf2+ Kg7 61. Ke7 Kh6 62. Rf6 Kg5 63. Rxg6+ Kxg6 64. Ke6 Kg5 65. Ke5 Kg4 66. Ke4 Kg3 67. Ke3 Kxg2 1/2-1/2

[Event "*** Titled Tuesday Blitz"]
[Site "Chess.com"]
[Date "2020.01.07"]
[Round "3"]
[White "volcanoexplorer"]
[Black "hansen"]
[Result "1-0"]
[WhiteElo "2562"]
[BlackElo "2862"]
[TimeControl "180+2"]
[EndTime "13:40:45 PST"]
[Termination "volcanoexplorer won by resignation"]

1. e4 c5 2. Nf3 e6 3. d4 cxd4 4. Nxd4 a6 5. Be2 Qc7 6. O-O Nf6 7. Nc3 Bb4 8. Bg5 Nc6 9. Bxf6 gxf6 10. Bh5 Rg8 11.
Nxc6 bxc6 12. Qf3 Qe5 13. Ne2 Rb8 14. Ng3 Qxb2 15. Rab1 Qe5 16. Qe2 Be7 17. Kh1 Rxb1 18. Rxb1 d5 19. Bf3 Bc5 20. exd5 Qxe2 21. Bxe2 cxd5 22. Rb8 Kd7 23. Bxa6 Bxf2 24. Nh5 Bd4 25. Nf4 Be5 26. Rxc8 Rxc8 27. Bxc8+ Kxc8 28. Nd3 Bd4 29. g4 Kc7 30. Kg2 Kc6 31. a4 Kb6 32. Nc1 Bc3 33. Nb3 Kc6 34. Kf3 Kd6 35. h4 Ke5 36. Nc5 Bd4 37. Nb3 Ba7 38. h5 f5 39. gxf5 Kxf5 40. Na5 e5 41. Nc6 e4+ 42. Ke2 Bc5 43. a5 Kg4 44. a6 f5 45. a7 Bxa7 46. Nxa7 f4 47. Nc6 Kg3 48. Nb4 d4 49. Nc6 Kg2 50. Nxd4 f3+ 51. Kd2 f2 52. Nf5 f1=N+ 53. Ke2 Nh2 54.
Ke3 Kh3 55. Kxe4 Kg4 56. c4 Nf1 57. Ne3+ Nxe3 58. Kxe3 Kf5 59. Kd4 Ke6 60. Kc5 Kd7 61. Kb6 Kc8 62. Kc6 1-0

[Event "*** Titled Tuesday Blitz"]
[Site "Chess.com"]
[Date "2020.01.07"]
[Round "3"]
[White "David_Paravyan"]
[Black "Rud_Makarian"]
[Result "0-1"]
[WhiteElo "2862"]
[BlackElo "2657"]
[TimeControl "180+2"]
[EndTime "13:40:51 PST"]
[Termination "Rud_Makarian won by resignation"]

1. e4 e5 2. Nf3 Nc6 3. d4 exd4 4. Nxd4 Nf6 5. Nxc6 bxc6 6. Nd2 d5 7. exd5 cxd5 8.
Bb5+ Bd7 9. Bxd7+ Qxd7 10. O-O Bd6 11. Re1+ Be7 12. b3 O-O 13. Bb2 Rfe8 14. Qf3 c6 15. Rad1 Bb4 16. c3 Bd6 17. c4 Rxe1+ 18. Rxe1 Re8 19.
Rxe8+ Nxe8 20. Qe3 Qe7 21. Qxe7 Bxe7 22. Kf1 Nc7 23.
Bd4 a6 24. Ke2 Ne6 25. Be5 f6 26. Bg3 Kf7 27. Nf1 Nc5 28. Ne3 Ke6 29. Nc2 Ne4 30.
Nd4+ Kd7 31. cxd5 cxd5 32. f3 Nc3+ 33. Kd3 Nxa2 34. Nf5 g5 35. Nxe7 Kxe7 36. Be1 Nc1+ 37. Kc2 Ne2 38. Bf2 Ke6 39. g3 Ke5 40. Kd3 Nc1+ 41.
Kc2 Ne2 42. Kd3 Nc1+ 43. Kc3 Na2+ 44. Kd2 Nb4 45. Bc5 Nc6 46. Kd3 d4 47. Kc4 f5 48. b4 g4 49. fxg4 fxg4 50. Kd3 Kd5 51. Bf8 Ne5+ 52. Ke2 Ke4 53. Bh6 d3+ 54. Kf2 Nc4 55. Bf4 Kd4 56. Ke1 Kc3 57. Kd1 d2 58.
Ke2 Kxb4 59. h3 gxh3 0-1

[Event "*** Titled Tuesday Blitz"]
[Site "Chess.com"]
[Date "2020.01.07"]
[Round "3"]
[White "viktorskliarov"]
[Black "Marty435"]
[Result "1-0"]
[WhiteElo "2573"]
[BlackElo "2358"]
[TimeControl "180+2"]
[EndTime "13:40:52 PST"]
[Termination "viktorskliarov won by checkmate"]

1. e4 e5 2. Nc3 Nf6 3. Bc4 Nc6 4. d3 Bc5 5. a3 a6 6. h3 d6 7. Nge2 Ba7 8. Ng3 h6 9. O-O Nd4 10. Nce2 Nxe2+ 11. Qxe2 O-O 12. Be3 Bxe3 13. Qxe3 Re8 14. f4 Be6 15. fxe5 dxe5 16. Bxe6 Rxe6 17. Nf5 Ne8 18.
Rf3 Rg6 19. Rg3 Rxg3 20. Qxg3 Qf6 21. Rf1 Qe6 22. Qg4 Kh7 23. Qh4 Qf6 24. Qg3 Qe6 25. Ne3 g6 26. Nc4 f6 27. Ne3 c6 28. Ng4 h5 29.
Qh4 Kg7 30. Ne3 Nd6 31. Qg3 Kh7 32. b3 Rf8 33. Qh4 Kg7 34. g4 hxg4 35. Nxg4 Rh8 36.
Rxf6 Rxh4 37. Rxe6 Nf7 38. Nxe5 Nxe5 39. Rxe5 Kf6 40. Re8 Rxh3 41. Kg2 Rh7 42. d4 Rd7 43. c3 Kf7 44. Rb8 Re7 45. Kf3 Kf6 46. a4 Kg5 47. a5 Kh5 48. Rh8+ Kg5 49. e5 Kf5 50. Rf8+ Kg5 51. Ke4 Kg4 52. c4 g5 53. d5 cxd5+ 54. cxd5 Kg3 55. d6 Rd7 56. Kd5 g4 57. e6 Rh7 58. d7 Rh5+ 59. Ke4 Kh2 60. Rg8 g3 61.
d8=Q g2 62. Qd6+ Kh1 63. Qd1+ Kh2 64. Qxh5+ Kg1 65. Rxg2+ Kxg2 66. Qf3+ Kg1 67. Qe2 Kh1 68. Kf3 Kg1 69. Qg2# 1-0

[Event "*** Titled Tuesday Blitz"]
[Site "Chess.com"]
[Date "2020.01.07"]
[Round "3"]
[White "Genghis_K"]
[Black "FelixJoseYnojosa"]
[Result "1/2-1/2"]
[WhiteElo "2901"]
[BlackElo "2656"]
[TimeControl "180+2"]
[EndTime "13:41:03 PST"]
[Termination "Game drawn by agreement"]

1. e4 c5 2. Nf3 Nc6 3. d4 cxd4 4.
Nxd4 e5 5. Nb5 d6 6. N1c3 a6 7. Na3 b5 8. Nd5 Nf6 9. Bg5 Be7 10. Bxf6 Bxf6 11. c3 Bg5 12. Nc2 Rb8 13. Be2 O-O 14. O-O a5 15. Na3 Na7 16. b4 Be6 17. Rb1 axb4 18.
Rxb4 Qa5 19. Rb3 Rfc8 20. Bg4 Bxd5 21. Qxd5 Rxc3 22. Be2 Rxb3 23. Qxb3 Nc6 24. Nc2 g6 25. Rd1 Qc7 26. g3 Na5 27. Qd3 Nc4 28. Nb4 Ra8 29.
Nd5 Qc5 30. h4 Bd8 31. Qc2 Ra3 32. Kf1 Kg7 33. Rc1 Ba5 34. Bxc4 bxc4 35. Qxc4 Qxc4+ 36. Rxc4 Rxa2 37. Rc6 Ra1+ 38. Kg2 Ra2 39. Rxd6 Be1 40. Rf6 h5 41. Rf3 Bd2 42. Kf1 Ba5 43. Rb3 Ra1+ 44. Kg2 Ra2 45. Rb1 Re2 46. Kf3 Ra2 47. Ne3 Ra3 48.
Rb5 Bd2 49. Rxe5 Bxe3 50. fxe3 Ra1 51. Re8 Rf1+ 52. Kg2 Re1 53. Kf2 Ra1 54. e5 Ra4 55. Kf3 Rb4 56. e6 f5 57. Ra8 Kf6 58. Ra6 Ke7 59.
Rc6 Ra4 60. Ke2 Rb4 61. Kd3 Rg4 62. Ra6 Rb4 63. Ke2 Rc4 64. Kf2 Rb4 65. Kf3 Rc4 66.
Rb6 Ra4 67. Rc6 Rb4 68. Ra6 Rc4 69. Ke2 Rb4 70. Kd3 Rg4 71. Rb6 Ra4 72. Rc6 Rb4 73.
Rc4 Rb6 74. e4 Kxe6 75. exf5+ Kxf5 76. Ke3 Rb3+ 1/2-1/2

[Event "*** Titled Tuesday Blitz"]
[Site "Chess.com"]
[Date "2020.01.07"]
[Round "3"]
[White "BobanBogosavljevic"]
[Black "cukus"]
[Result "1-0"]
[WhiteElo "2737"]
[BlackElo "2457"]
[TimeControl "180+2"]
[EndTime "13:41:06 PST"]
[Termination "BobanBogosavljevic won by resignation"]

1. Nf3 d5 2. c4 d4 3. g3 Nc6 4. Bg2 e5 5. O-O Nf6 6. b4 e4 7. Ng5 Bf5 8. d3 exd3 9. exd3 Bxb4 10. Qb3 Rb8 11. Ba3 Bxa3 12. Qxa3 Qe7 13. Qxe7+ Nxe7 14. Re1 h6 15. Nf3 c5 16. Nbd2 Be6 17. Ne5 O-O 18. a4 Rfe8 19. a5 Ng6 20. Ndf3 Nxe5 21. Nxe5 Ng4 22. Nxg4 Bxg4 23. Rxe8+ Rxe8 24. Bxb7 Bf5 25. Rd1 Re2 26. a6 Kf8 27. Kg2 Ke7 28.
h3 Kd6 29. g4 Bh7 30. Kf3 Ra2 31. Bd5 Rxa6 32. Bxf7 Ra2 33. h4 g5 34. h5 a5 35.
Bg6 Bxg6 36. hxg6 Ke6 37. Rh1 Kf6 38. Rxh6 Kg7 39. Rh7+ Kxg6 40. Rc7 a4 41. Rc6+ Kf7 42. Rxc5 Rd2 43. Ke4 Rxf2 44. Rxg5 Rg2 45. Kxd4 a3 46.
Kc3 a2 47. Ra5 Ke6 48. g5 Kd6 49. g6 Kc6 50. g7 Kb6 51. Rxa2 Rxg7 52. Rh2 Kc5 53.
Rh5+ Kc6 54. d4 Rg4 55. Rh6+ Kc7 56. c5 Rg5 57. Kc4 Rf5 58. Rh7+ Kc8 59. Kb5 Rg5 60. Kb6 Rg1 61. d5 Rf1 62. d6 Kd8 63. Kc6 Rf8 64.
Ra7 1-0

[Event "*** Titled Tuesday Blitz"]
[Site "Chess.com"]
[Date "2020.01.07"]
[Round "3"]
[White "Parhamov"]
[Black "StephenDedalus83"]
[Result "1-0"]
[WhiteElo "3069"]
[BlackElo "2710"]
[TimeControl "180+2"]
[EndTime "13:41:12 PST"]
[Termination "Parhamov won by resignation"]

1. d4 g6 2. c4 Bg7 3. Nc3 d6 4. g3 Nd7 5. Bg2 e5 6. Nf3 Ne7 7. O-O exd4 8. Nxd4 O-O 9. e4 Nc6 10.
Nde2 Nc5 11. Be3 a5 12. Qd2 a4 13. Rac1 Ne5 14. Nd5 f5 15. Bxc5 dxc5 16. f4 Nf7 17. Rfd1 fxe4 18. Bxe4 Nd6 19. Bg2 Nf5 20. Kh1 Nd4 21.
Nxd4 cxd4 22. Re1 c6 23. Nb4 Qa5 24. Rcd1 Bg4 25. Nd3 Bxd1 26. Rxd1 Qxd2 27. Rxd2 Rfe8 28. Bf3 Re3 29. Kg2 Rae8 30. h4 Bf6 31. a3 Kg7 32. Kf2 Bd8 33. Nc5 Ba5 34. Rd1 R8e7 35. Nxa4 d3 36. b4 Bc7 37. Rd2 b5 38. Nb2 bxc4 39.
Nxc4 R3e6 40. Rxd3 Bb8 41. Rd1 Ra7 42. h5 gxh5 43.
Bxh5 Rae7 44. Bf3 Ba7+ 45. Kg2 Rf6 46. Ne5 Rc7 47. Rc1 c5 48. b5 c4 49. Rxc4 Rxc4 50. Nxc4 Bc5 51. a4 Rf7 52. b6 Bxb6 53. Nxb6 Ra7 54.
Bd1 Rb7 55. a5 Ra7 56. Nc4 Kf6 57. Bf3 Ke6 58. Bc6 Rc7 59. Bb5 Kd5 60. Ne5 Kc5 61. Bd3 Ra7 62. a6 Re7 63. Kh3 Ra7 64. Kg4 Rc7 65.
Kh5 Kd4 66. Kh6 Ke3 67. Bxh7 Kf2 68. Be4 Kxg3 69. Bb7 Kxf4 70. Ng6+ Kf5 71. a7 1-0

[Event "*** Titled Tuesday Blitz"]
[Site "Chess.com"]
[Date "2020.01.07"]
[Round "3"]
[White "MiroMiljkovic"]
[Black "GMBenjaminBok"]
[Result "0-1"]
[WhiteElo "2545"]
[BlackElo "2867"]
[TimeControl "180+2"]
[EndTime "13:41:14 PST"]
[Termination "GMBenjaminBok won by resignation"]

1. d4 Nf6 2. c4 e6 3. Nc3 Bb4 4. e3 O-O 5. Bd3 d5 6. Nf3 dxc4 7. Bxc4 c5 8. O-O b6 9. Qe2 Bb7 10. Rd1 Qe7 11. Bd2 cxd4 12. Nxd4 Nbd7 13. a3 Bd6 14. Ba6 Bxa6 15. Qxa6 Nc5 16. Qe2 Qb7 17. Ncb5 Be7 18.
Bb4 Rac8 19. Qf3 Nd5 20. Nc3 Nxc3 21. Qxb7 Nxb7 22. Bxc3 Rfd8 23. Kf1 a6 24. Ke2 Kf8 25. Nb3 Nd6 26. Rac1 f6 27. Bb4 Nb5 28. Rxd8+ Rxd8 29. Bxe7+ Kxe7 30. a4 Nd6 31. Nd4 Kd7 32. f3 e5 33. Nb3 Rb8 34. Nd2 b5 35. a5 Nc4 36.
b4 Rc8 37. Nb3 Ke7 38. Nc5 Rc6 39. Nd3 h5 40. h4 Rd6 41. e4 Rc6 42. Rc3 Nxa5 43.
Rxc6 Nxc6 44. Ke3 Kd6 45. g4 hxg4 46. fxg4 a5 47. bxa5 Nxa5 48. g5 fxg5 49. hxg5 Nc4+ 50. Ke2 Ke6 51. Kf3 Kf7 52. Kg4 Kg6 53. Kh4 Kf7 54.
Kg4 Ke6 55. Kh5 Kf7 56. Nb4 Nd6 57. Nc6 Ke6 58. Na5 Nxe4 59. Kg6 b4 60. Nb3 Kd5 61. Kf5 Nc5 62. Nc1 b3 63. Nxb3 Nxb3 64. Kg6 Nd4 65. Kxg7 Ne6+ 66. Kf6 Nxg5 67. Kxg5 e4 68. Kg4 Kd4 69.
Kg3 Kd3 70. Kf2 Kd2 71. Kg3 e3 0-1

[Event "*** Titled Tuesday Blitz"]
[Site "Chess.com"]
[Date "2020.01.07"]
[Round "3"]
[White "Bulldog167"]
[Black "Majkelopulos"]
[Result "1-0"]
[WhiteElo "2736"]
[BlackElo "2521"]
[TimeControl "180+2"]
[EndTime "13:41:30 PST"]
[Termination "Bulldog167 won by resignation"]

1. d4 Nf6 2. c4 c5 3. d5 e6 4. Nc3 exd5 5. cxd5 d6 6. e3 g6 7. Nf3 Bg7 8. Be2 O-O 9. O-O Na6 10.
Nd2 Nc7 11. e4 Re8 12. f3 a6 13. a4 Rb8 14. a5 Bd7 15. Nc4 Bb5 16. Bf4 Bxc4 17. Bxc4 Qd7 18. Qd2 Nb5 19. Bb3 Nd4 20. Ba4 Nb5 21. Qd3 Nh5 22. Be3 Qe7 23. Nxb5 axb5 24. Bxb5 Rec8 25. Rab1 Ra8 26. a6 bxa6 27. Bxa6 Rcb8 28. b3 Be5 29. f4 Bg7 30. Rbe1 Nf6 31.
e5 dxe5 32. fxe5 Qxe5 33. Bf4 Qxd5 34. Bxb8 Rxb8 35. Qxd5 Nxd5 36. Bc4 Bd4+ 37. Kh1 Ne3 38. Bxf7+ Kg7 39. Rf3 Ng4 40. Ref1 Ne3 41. Rc1 Ng4 42.
Rcf1 Ne3 43. Re1 Ng4 44. Bc4 Nf2+ 45. Rxf2 Bxf2 46. Re7+ Kh6 47. g3 Bd4 48. Kg2 Rf8 49. h4 Bf6 50. Rc7 Bd4 51. Kh3 Rf3 52. Bg8 Rxg3+ 53.
Kh2 Kh5 54. Rxh7+ Kg4 55. Be6+ Kf4 56. Rf7+ Ke5 57. Kxg3 Kxe6 58. Rb7 Kf5 59. Kf3 Bf6 60.
Rb5 Bxh4 61. Rxc5+ Ke6 62. b4 Be7 63. Rc6+ Kd5 64.
b5 g5 65. Rc1 Bc5 66. Kg4 Be3 67. Rc2 Kd6 68. Kf5 Kd7 69. Rc3 Bf4 70. b6 Bd6 71. b7 Bf4 72. Rc8 1-0

[Event "*** Titled Tuesday Blitz"]
[Site "Chess.com"]
[Date "2020.01.07"]
[Round "3"]
[White "Mikhail_Golubev"]
[Black "maciek_92"]
[Result "1/2-1/2"]
[WhiteElo "2616"]
[BlackElo "2802"]
[TimeControl "180+2"]
[EndTime "13:41:37 PST"]
[Termination "Game drawn - insufficient material"]

1. e4 c5 2. Nf3 d6 3. d4 cxd4 4. Nxd4 Nf6 5. Nc3 Nc6 6. Bc4 Qb6 7. Ndb5 a6 8. Be3 Qa5 9. Nd4 e6 10. O-O Be7 11. Bb3 O-O 12. f4 Bd7 13. f5 Nxd4 14. Bxd4 b5 15. fxe6 fxe6 16. a3 Qc7 17. Qe2 Kh8 18.
e5 dxe5 19. Bxe5 Qb6+ 20. Kh1 Rae8 21. Rad1 Bc6 22. Bd4 Bc5 23. Bxf6 gxf6 24. Ne4 Bd4 25. Nd6 Bxg2+ 26. Qxg2 Qxd6 27. c3 Rg8 28. Qf3 Rg6 29. Rxd4 Qe5 30. Rg4 Reg8 31. Rxg6 Rxg6 32. Rg1 Kg7 33.
Rxg6+ hxg6 34. Kg2 Qg5+ 35. Qg3 Qd2+ 36. Qf2 Qg5+ 37.
Kf3 Qf5+ 38. Ke3 Qc5+ 39. Ke2 Qd6 40. Bc2 Qd5 41. Bd3 e5 42. Qf3 Qb3 43. Qb7+ Kh6 44.
Qe4 Qxb2+ 45. Kf3 f5 46. Qxe5 Kh7 47. Qe7+ Kh6 48. Qf6 Kh7 49. h4 Qh2 50. Qg5 Qh1+ 51. Ke3 Qc1+ 52. Kd4 Qxa3 53. h5 Qd6+ 54. Ke3 Qe5+ 55.
Kf3 Qd5+ 56. Ke2 Qe6+ 57. Kf1 Kg7 58. hxg6 Qxg6 59. Qxg6+ Kxg6 60. Kf2 Kf6 61. Kf3 Ke5 62. Ke3 Kd5 63. Be2 Kc5 64. Kd3 a5 65. Bf3 b4 66.
cxb4+ Kxb4 67. Kc2 a4 68. Kb2 Kc4 69. Ka3 Kd4 70.
Kxa4 Ke3 71. Bc6 f4 72. Bb7 f3 73. Bxf3 1/2-1/2

[Event "*** Titled Tuesday Blitz"]
[Site "Chess.com"]
[Date "2020.01.07"]
[Round "3"]
[White "Mr_Sinigami"]
[Black "Korchmar_Vasiliy"]
[Result "0-1"]
[WhiteElo "2579"]
[BlackElo "2795"]
[TimeControl "180+2"]
[EndTime "13:41:40 PST"]
[Termination "Korchmar_Vasiliy won on time"]

1. d4 Nf6 2. Nf3 g6 3. Bf4 Bg7 4. e3 O-O 5. h3 b6 6. c4 Bb7 7. Nc3 d5 8. Rc1 c5 9. dxc5 bxc5 10. Be2 Ne4 11. Nxd5 Qa5+ 12. Kf1 Nc6 13. Qc2 Nf6 14.
a3 e6 15. Nxf6+ Bxf6 16. Kg1 Qb6 17. Kh2 e5 18. Bg3 Rfe8 19. Nd2 Ne7 20. Bf3 Bxf3 21. gxf3 Nf5 22. Ne4 Bg7 23. Rhd1 Rab8 24. Rb1 h5 25. Kg2 a5 26. Rd5 Rbc8 27. b4 cxb4 28. axb4 axb4 29. c5 Qe6 30. Qb3 Ra8 31. Rbd1 h4 32. Bh2 Ne7 33. R5d3 Qf5 34. Nd6 Qg5+ 35. Kh1 Rf8 36. Qxb4 Qh5 37.
Qg4 Qxg4 38. hxg4 Ra2 39. Kg1 Nc6 40. Ne4 f5 41. gxf5 gxf5 42. Ng5 Bf6 43. f4 e4 44. Rd6 Nb4 45. c6 Rc2 46. Ne6 Rc8 47. c7 Kf7 48. Rd8 R2xc7 49. Nxc7 Rxd8 50. Rxd8 Bxd8 51. Nb5 Nd3 52. Nd4 Kg6 53. f3 Bb6 54. fxe4 fxe4 55. Kg2 Ne1+ 56. Kh3 Nf3 57. Nxf3 exf3 58. Bg1 Kf5 59.
Kxh4 Ke4 60. f5 Bxe3 61. f6 Bxg1 62. f7 Bc5 63. Kg3 Ke3 0-1

[Event "*** Titled Tuesday Blitz"]
[Site "Chess.com"]
[Date "2020.01.07"]
[Round "3"]
[White "JonahWillow"]
[Black "FMVolodymyrSakun"]
[Result "1-0"]
[WhiteElo "2789"]
[BlackElo "2572"]
[TimeControl "180+2"]
[EndTime "13:41:40 PST"]
[Termination "JonahWillow won by resignation"]

1. e4 e5 2. Nf3 Nc6 3. Nc3 Nf6 4.
Bb5 Bb4 5. O-O O-O 6. d3 Bxc3 7. bxc3 d6 8. Bg5 Qe7 9. Re1 Nd8 10. d4 Ne6 11.
Bc1 Bd7 12. Bd3 Nd8 13. a4 c5 14. d5 Nh5 15. Nd2 Nf4 16. Nc4 Nxd3 17. cxd3 Qf6 18. Qf3 Qe7 19. Qg3 Kh8 20. f4 f6 21. Bd2 Nf7 22. a5 exf4 23. Bxf4 Ne5 24. Ne3 g5 25. Bxe5 fxe5 26. Rab1 Rab8 27. d4 cxd4 28. cxd4 Rf4 29. Nc4 Rc8 30. Qd3 Be8 31. Rec1 exd4 32. Qxd4+ Kg8 33.
Nd2 Rxc1+ 34. Rxc1 Qf6 35. Qxf6 Rxf6 36. Rc8 Kf7 37. Rc7+ Kg6 38. Rxb7 a6 39. Rb6 Bb5 40. h3 g4 41. hxg4 Kg5 42. Nf3+ Kf4 43. e5 Rf8 44. Rxd6 Rc8 45. Kh2 Rc2 46. e6 Bf1 47. Nh4 Bb5 48.
e7 Re2 49. Rf6+ Kxg4 50. Nf5 Kg5 51. Rf7 Kg6 52. Rf8 Bd7 53. d6 Re5 54. Ng3 Re6 55. Kg1 Rxd6 56. e8=Q+ Bxe8 57. Rxe8 Rd1+ 58. Kf2 Rd6 59.
Ne4 Rc6 60. Kf3 Kf7 61. Rb8 h5 62. Rb6 Rc1 63. Rxa6 Rf1+ 64. Kg3 Re1 65. Ng5+ Kg7 66. Rb6 Re5 67. Ne6+ Kf7 68. a6 Ra5 69. Nc7 Ke7 70. Nb5 Ra4 71. a7 h4+ 72. Kh3 Kd7 73. Rb8 1-0